 Dungeon Sprint DCSS version 0.21.0-30-g47ce8e4 (webtiles) character file.

67767 wojtek the Executioner (level 14, -10/152 HPs)
             Began as a Minotaur Berserker on Jan 28, 2018.
             Was a High Priest of Trog.
             Mangled by an orc warlord
             ... wielding a +6 war axe of freezing
              (29 damage)
             ... in the Dungeon (Sprint V: "Ziggurat Sprint").
             The game lasted 00:31:13 (3075 turns).

wojtek the Executioner (Minotaur Berserker)         Turns: 3075, Time: 00:31:13

Health: -10/152    AC: 38    Str: 33    XL:     14   Next: 84%
Magic:  7/7        EV: 17    Int:  4    God:    Trog [*****.]
Gold:   0          SH:  0    Dex: 10    Spells: 13/13 levels left

rFire    + + +     SeeInvis .   a - +9 broad axe (antimagic)
rCold    . . .     Gourm    .   (no shield)
rNeg     . . .     Faith    .   m - +15 Maxwell's patent armour {-Cast -Tele rElec MR+ rCorr}
rPois    +         Spirit   .   (helmet restricted)
rElec    +         Reflect  .   q - +0 cloak {rPois}
rCorr    +         Harm     .   (no gloves)
MR       +....     NoTele   +   l - +0 pair of boots {Fly} Stlth ..........NoCast +
                                h - amulet "Loum" {+Rage Dex+5 Slay+6}
HPRegen  0.35/turn              M - ring of Divine Compulsion {rF+++ MR- MP+9 Dex-5 Stlth+}
MPRegen  0.10/turn              t - +6 ring of strength

@: no status effects
A: retaliatory headbutt, horns 2
a: Berserk, Trog's Hand, Brothers in Arms, Burn Spellbooks, Renounce Religion,
Evoke Berserk Rage, Evoke Flight


You were in the Dungeon.
You worshipped Trog.
Trog was extremely pleased with you.
You were not hungry.

You visited 1 branch

Inventory:

Hand Weapons
 a - a +9 antimagic broad axe (weapon)
 w - the +4 broad axe of Trog's Anger {freeze, rPois MR+}
   (Trog gifted it to you in the Dungeon)

   It has been specially enchanted to freeze those struck by it, causing extra
   injury to most foes and up to half again as much damage against particularly
   susceptible opponents.
   It can also slow down cold-blooded creatures.
   It protects you from poison.
   It affects your resistance to hostile enchantments.
 N - a +6 broad axe of flaming
 Q - a +3 vampiric executioner's axe
Missiles
 L - 14 javelins of penetration (quivered)
Armour
 l - a +0 pair of boots of flying (worn)
 m - the +15 Maxwell's patent armour (worn) {-Cast -Tele rElec MR+ rCorr}
   (You found it in the Dungeon)

   It insulates you from electricity.
   It affects your resistance to hostile enchantments.
   It prevents spellcasting.
   It prevents most forms of teleportation.
   It protects you from acid and corrosion.
 n - the +18 shield of the Gong {rElec rN+ MR+ EV-5}
   (You found it in the Dungeon)

   It affects your evasion (-5).
   It insulates you from electricity.
   It protects you from negative energy.
   It affects your resistance to hostile enchantments.
 q - a +0 cloak of poison resistance (worn)
 z - a +2 cloak of invisibility
 T - a +5 crystal plate armour
 V - the +0 chain mail of Lugonu's Hope {rC++ rN+ Int+3 SInv}
   (You found it in the Dungeon)

   It affects your intelligence (+3).
   It greatly protects you from cold.
   It protects you from negative energy.
   It lets you see invisible.
 X - +5 gold dragon scales
Jewellery
 b - the amulet "Oqelef" {Reflect rC+ Dex+3 SH+5}
   (You found it in the Dungeon)

   [amulet of reflection]

   It shields you and reflects attacks.
   It affects your dexterity (+3).
   It protects you from cold.
   It affects your SH (+5).
 h - the amulet "Loum" (around neck) {+Rage Dex+5 Slay+6}
   (You found it in the Dungeon)

   [amulet of rage]

   It affects your dexterity (+5).
   It affects your accuracy and damage with ranged weapons and melee attacks
   (+6).
   It lets you go berserk.
 o - the macabre finger necklace {rN+}
   (You took it off a purple draconian in the Dungeon)

   [amulet of nothing]

   It protects you from negative energy.
 t - a +6 ring of strength (right hand)
 v - the ring of Ecvuev {rC+ Slay+1}
   (You found it in the Dungeon)

   [ring of slaying]

   It affects your accuracy and damage with ranged weapons and melee attacks
   (+1).
   It protects you from cold.
 M - the ring of Divine Compulsion (left hand) {rF+++ MR- MP+9 Dex-5 Stlth+}
   (You found it in the Dungeon)

   [ring of magical power]

   It affects your dexterity (-5).
   It renders you almost immune to fire.
   It affects your resistance to hostile enchantments.
   It affects your magic capacity (+9).
   It makes you more stealthy.
 P - the ring of Cuextyto {*Corrode +Fly MR++ Str+8 Slay+3}
   (You found it in the Dungeon)

   [ring of flight]

   It affects your strength (+8).
   It affects your accuracy and damage with ranged weapons and melee attacks
   (+3).
   It affects your resistance to hostile enchantments.
   It lets you fly.
   It may corrode you when you take damage.
Wands
 j - a wand of iceblast (5)
 k - a wand of acid (7)
 x - a wand of disintegration (5)
Scrolls
 i - 4 scrolls of blinking
 y - 7 scrolls of fog
 C - a scroll of holy word
 D - 5 scrolls of identify
 E - 5 scrolls of remove curse
 F - 2 scrolls of fear
 W - 3 scrolls of brand weapon
 Y - 4 scrolls of enchant armour
Potions
 d - 9 potions of curing
 e - 12 potions of heal wounds
 f - 6 potions of haste
 g - 7 potions of magic
 p - 2 potions of brilliance
 r - 2 potions of invisibility
 s - 4 potions of resistance
 A - 5 potions of agility
 B - 5 potions of might
Miscellaneous
 u - a phial of floods
 G - a lightning rod (4/4)
 H - a lightning rod (4/4)
 I - a lamp of fire
 J - a phial of floods
 K - a fan of gales
 O - a lamp of fire
 R - a phial of floods
 S - a lightning rod (4/4)
 U - 3 phantom mirrors
 Z - 7 boxes of beasts
Comestibles
 c - 4 rations


   Skills:
 + Level 21.9 Fighting
 + Level 21.9 Axes
 + Level 21.3 Armour
 + Level 19.8 Dodging
 + Level 21.1 Shields


You had 13 spell levels left.
You didn't know any spells.

Dungeon Overview and Level Annotations

Branches:
Dungeon (1/1)

Altars:
Ashenzari
Cheibriados
Dithmenos
Elyvilon
Fedhas
Gozag
Hepliaklqana
Kikubaaqudgha
Makhleb
Nemelex Xobeh
Okawaru
Qazlal
Ru
Sif Muna
Trog
Uskayaw
Vehumet
Wu Jian
Xom
Yredelemnul
Zin
The Shining One
Beogh
Jiyva
Lugonu


Innate Abilities, Weirdness & Mutations

You reflexively headbutt those who attack you in melee.
You have a pair of horns on your head.


Message History

Beogh smites you!
* * * LOW HITPOINT WARNING * * *
Unknown command.
You slash the orc warlord!
The orc warlord is lightly wounded.
You cut the smoke demon into ribbons!!!
You kill the smoke demon!
Your deep troll bites the orc high priest!!
Your deep troll claws the orc high priest!
Your deep troll closely misses the orc high priest.
The orc high priest intones a terrible prayer.
The orc high priest invokes the aid of Beogh against you.
Beogh smites you!
* * * LOW HITPOINT WARNING * * *
The red devil barely misses you.
Your deep troll closely misses the orc high priest. x2
Your deep troll completely misses the orc high priest.
Your stone giant hits the orc warlord!!!
The orc warlord hits you with a war axe of freezing!!
You die...

....o.....▓........}....▓
....o.....▓..▓.......▓..▓
..........3...▓.▓▓▓..).)▓▓▓)▓
..........43oo.▓..▓...)..)▓))▓
........ooC3Oo≈▓........)))).▓
..▓.....4o▓o4o▓......©....).▓
. ▓.▓...3.▓o▓TT▓▓▓▓▓▓▓▓▓▓▓▓▓▓▓
...▓.......▓oC.▓.....8©8.....▓
..........o4)@.▓.).=....|.).=▓
.......©.......▓....}[[[)))..▓
▓▓▓▓▓▓▓▓▓▓▓▓▓▓▓▓.............▓
▓.............▓
▓.............▓
▓.....)))†....▓
▓......)......▓
▓..▓.......▓..▓
▓.▓.▓.....▓.▓.▓


You could see 2 orc warlords, a stone giant, 4 orc knights, 2 orc high priests,
a sun demon, 2 orange demons, a smoke demon, a neqoxec, an orc sorcerer, a red
devil, an orc warrior, an ogre, an orc priest, a friendly stone giant (berserk)
and 2 friendly deep trolls.

Vanquished Creatures
  2 Orb Guardians (D)
  A tentacled monstrosity (D)
  A deep elf master archer (D)
  2 liches (D)
  A death cob (D)
  A daeva (D)
  4 deep elf sorcerers (D)
  A ghoul (D)
  A very ugly thing (D)
  2 green draconians (D)
  3 vampire knights (D)
  A white draconian (D)
  A black draconian (D)
  2 red draconians (D)
  2 purple draconians (D)
  2 yellow draconians (D)
  A crystal guardian (D)
  A deep elf high priest (D)
  3 two-headed ogres (D)
  2 death scarabs (D)
  A queen ant (shapeshifter) (D)
  A satyr (D)
  2 orc high priests (D)
  A vampire mage (D)
  A spriggan berserker (D)
  A soul eater (D)
  2 deep elf knights (D)
  A hell knight (D)
  2 large abominations (D)
  A deep elf archer (D)
  3 starcursed masses (D)
  A shambling mangrove (D)
  A harpy (shapeshifter) (D)
  An orc knight (D)
  2 deep elf magi (D)
  An ugly thing (D)
  An oklob plant (D)
  2 necromancers (D)
  A moth of wrath (shapeshifter) (D)
  5 draconians (D)
  An apocalypse crab (D)
  2 toenail golems (D)
  2 dryads (D)
  A troll (shapeshifter) (D)
  A troll (D)
  A red devil (D)
  A wind drake (D)
  4 guardian mummies (D)
  A raiju (D)
  A blink frog (D)
  A flying skull (D)
  2 ynoxinuls (D)
  2 water elementals (D)
  2 spriggans (D)
  A shadow (D)
  A wraith (D)
  An ushabti (D)
  2 chaos spawn (D)
  2 neqoxecs (D)
  2 hell hounds (D)
  An orc warrior (D)
  An eye of draining (D)
  A black bear (shapeshifter) (D)
  An ogre (D)
  3 wolves (D)
  2 small abominations (D)
  2 wights (D)
  5 crimson imps (D)
  3 quasits (D)
  2 iron imps (D)
  3 orc priests (D)
  3 orc wizards (D)
  3 mummies (D)
  3 shadow imps (D)
  A white imp (D)
  An adder zombie (D)
  4 adder skeletons (D)
  5 orcs (D)
  A spectral bat (D)
  7 bat skeletons (D)
  A ball python skeleton (D)
  A leopard gecko skeleton (D)
  2 leopard gecko zombies (D)
  A quokka skeleton (D)
  A spectral jackal (D)
154 creatures vanquished.

Vanquished Creatures (collateral kills)
  An orc warlord (D)
  A ghost moth (shapeshifter) (D)
  A stone giant (D)
  A green draconian (D)
  A black draconian (D)
  A red draconian (D)
  2 purple draconians (D)
  2 white draconians (D)
  An anaconda (shapeshifter) (D)
  2 orc high priests (D)
  3 soul eaters (D)
  A skeletal warrior (D)
  A spriggan druid (D)
  2 lindwurms (shapeshifter) (D)
  2 orc knights (D)
  An orb spider (shapeshifter) (D)
  An ugly thing (D)
  A deep elf mage (D)
  A moth of wrath (shapeshifter) (D)
  An oklob plant (D)
  A water nymph (shapeshifter) (D)
  A spiny frog (shapeshifter) (D)
  A dryad (D)
  A komodo dragon (shapeshifter) (D)
  A wind drake (D)
  A dream sheep (shapeshifter) (D)
  A flying skull (D)
  A shadow (D)
  A neqoxec (D)
  A swamp worm (shapeshifter) (D)
  2 small abominations (D)
  2 orc warriors (D)
  A jelly (shapeshifter) (D)
  2 white imps (D)
  An ufetubus (D)
  An adder zombie (D)
  A bat skeleton (D)
47 creatures vanquished.

Grand Total: 201 creatures vanquished

Notes
Turn   | Place    | Note
-------+----------+-------------------------------------------
     0 | D        | Found the +6 Majin-Bo {vamp, Archmagi MP+6 Int+6}
     0 | D        | Found the +7 great mace "Firestarter" {inner flame, rF++}
     0 | D        | wojtek the Minotaur Berserker began the quest for the Orb.
     0 | D        | Reached XP level 1. HP: 19/19 MP: 0/0
     3 | D        | Found a blossoming altar of Fedhas.
     4 | D        | Found a viscous altar of Jiyva.
     4 | D        | Found a hazy altar of Hepliaklqana.
     4 | D        | Found a transporter.
     4 | D        | Found an opulent altar of Gozag.
     4 | D        | Found an ancient bone altar of Kikubaaqudgha.
     4 | D        | Found a corrupted altar of Lugonu.
    29 | D        | Found a burning altar of Makhleb.
    30 | D        | Found a sparkling altar of Nemelex Xobeh.
    30 | D        | Found an iron altar of Okawaru.
    30 | D        | Found a stormy altar of Qazlal.
    30 | D        | Found a sacrificial altar of Ru.
    33 | D        | Found a deep blue altar of Sif Muna.
    34 | D        | Found the +9 heavy crossbow "Sniper" {velocity, Acc+∞ SInv}
    34 | D        | Found the +10 dark maul {crush}
    34 | D        | Found the +15 Maxwell's patent armour {-Cast -Tele rElec MR+ rCorr}
    34 | D        | Found the +18 shield of the Gong {rElec rN+ MR+ EV-5}
    34 | D        | Found the cursed +14 obsidian axe {chop, +Fly SInv *Curse}
    36 | D        | Found the +6 shillelagh "Devastator" {shatter}
    36 | D        | Found the +11 plutonium sword {*Contam Stlth-}
    36 | D        | Found the +8 lance "Wyrmbane" {slay drac, rPois rF+ rC+ AC+3}
    36 | D        | Found the +9 sword of Zonguldrok {reap}
    36 | D        | Found the cursed +13 scythe of Curses {drain, *Curse}
    36 | D        | Found the +0 sword of Power
    36 | D        | Found the +1 mace of Variability {chaos}
    36 | D        | Found the +7 Singing Sword
    36 | D        | Found the +7 longbow "Piercer" {penet, EV-2}
    38 | D        | Found a bloodstained altar of Trog.
   115 | D        | Reached XP level 2. HP: 34/34 MP: 1/1
   118 | D        | Entered arena 2.
   118 | D        | Noticed a toenail golem
   118 | D        | Noticed a toenail golem
   118 | D        | Found a transporter.
   121 | D        | Killed a toenail golem
   121 | D        | Reached skill level 5 in Dodging
   121 | D        | Reached skill level 5 in Shields
   121 | D        | Reached XP level 3. HP: 44/44 MP: 2/2
   121 | D        | Reached XP level 4. HP: 50/50 MP: 3/3
   121 | D        | Reached XP level 5. HP: 57/57 MP: 4/4
   121 | D        | Reached XP level 6. HP: 64/64 MP: 5/5
   123 | D        | Killed a toenail golem
   123 | D        | Reached skill level 10 in Fighting
   123 | D        | Reached skill level 10 in Axes
   123 | D        | Reached XP level 7. HP: 73/73 MP: 6/6
   170 | D        | Entered arena 3.
   170 | D        | Noticed an apocalypse crab
   170 | D        | Found a transporter.
   173 | D        | Reached ** piety under Trog
   178 | D        | Killed an apocalypse crab
   244 | D        | Entered arena 4.
   244 | D        | Noticed a chaos spawn
   244 | D        | Found a transporter.
   247 | D        | Reached *** piety under Trog
   252 | D        | Killed a chaos spawn
   252 | D        | Reached XP level 8. HP: 82/82 MP: 7/7
   252 | D        | Received a gift from Trog
   267 | D        | Entered arena 5.
   267 | D        | Found a transporter.
   272 | D        | Reached **** piety under Trog
   283 | D        | Reached skill level 10 in Armour
   291 | D        | Reached ***** piety under Trog
   398 | D        | Entered arena 6.
   398 | D        | Noticed a two-headed ogre
   398 | D        | Noticed a troll
   398 | D        | Noticed a two-headed ogre
   398 | D        | Noticed a two-headed ogre
   398 | D        | Found a transporter.
   402 | D        | Killed a two-headed ogre
   402 | D        | Received a gift from Trog
   402 | D        | Reached skill level 10 in Shields
   402 | D        | Reached XP level 9. HP: 55/91 MP: 8/8
   404 | D        | Killed a two-headed ogre
   404 | D        | Reached skill level 10 in Dodging
   405 | D        | Killed a two-headed ogre
   407 | D        | Killed a troll
   407 | D        | Received a gift from Trog
   419 | D        | Got the cursed ring "Ylirruc" {rElec rF- Int-5 SInv}
   690 | D        | Entered arena 7.
   691 | D        | Found a transporter.
   694 | D        | Received a gift from Trog
   698 | D        | Reached XP level 10. HP: 93/101 MP: 9/9
   714 | D        | Got the +1 plate armour of the Unbroken {Regen+}
   721 | D        | Entered arena 8.
   722 | D        | Found a transporter.
   727 | D        | Reached ****** piety under Trog
   748 | D        | Received a gift from Trog
   757 | D        | Entered arena 9.
   757 | D        | Noticed a starcursed mass
   758 | D        | Found a transporter.
   768 | D        | Received a gift from Trog
   772 | D        | Killed a starcursed mass
   773 | D        | Killed a starcursed mass
   773 | D        | Killed a starcursed mass
   783 | D        | Received a gift from Trog
   809 | D        | Entered arena 10.
   809 | D        | Noticed a green draconian
   809 | D        | Noticed a yellow draconian
   809 | D        | Noticed a draconian
   809 | D        | Noticed a death cob
   809 | D        | Noticed a draconian
   809 | D        | Noticed a draconian
   809 | D        | Noticed a draconian
   809 | D        | Noticed a draconian
   810 | D        | Found a transporter.
   817 | D        | Killed a draconian
   820 | D        | Killed a draconian
   821 | D        | Killed a draconian
   822 | D        | Killed a death cob
   822 | D        | Reached skill level 15 in Fighting
   822 | D        | Reached skill level 15 in Axes
   822 | D        | Reached XP level 11. HP: 49/112 MP: 10/10
   825 | D        | Killed a yellow draconian
   825 | D        | Received a gift from Trog
   826 | D        | Killed a green draconian
   883 | D        | Received a gift from Trog
   938 | D        | Entered arena 11.
   938 | D        | Noticed a large abomination
   939 | D        | Found a transporter.
   951 | D        | Killed a large abomination
   951 | D        | Received a gift from Trog
   968 | D        | Received a gift from Trog
   991 | D        | Entered arena 12.
   992 | D        | Noticed a hell knight
  1000 | D        | Received a gift from Trog
  1003 | D        | Killed a hell knight
  1006 | D        | Reached skill level 15 in Armour
  1007 | D        | Found a transporter.
  1016 | D        | Received a gift from Trog
  1069 | D        | Entered arena 13.
  1069 | D        | Noticed a death scarab
  1070 | D        | Noticed a death scarab
  1074 | D        | Killed a death scarab
  1074 | D        | Reached skill level 15 in Shields
  1076 | D        | Found a transporter.
  1087 | D        | Killed a death scarab
  1087 | D        | Received a gift from Trog
  1089 | D        | HP: 5/171 [ushabti (9)]
  1095 | D        | HP: 3/115 [poisoned by an ushabti (dark miasma)]
  1250 | D        | Entered arena 14.
  1252 | D        | Noticed a spriggan berserker
  1253 | D        | Noticed a shambling mangrove
  1254 | D        | Received a gift from Trog
  1255 | D        | Noticed a satyr
  1255 | D        | Noticed an oklob plant
  1258 | D        | Noticed a spriggan druid
  1260 | D        | Killed a spriggan berserker
  1260 | D        | Reached XP level 12. HP: 103/123 MP: 3/11
  1262 | D        | Received a gift from Trog
  1271 | D        | Received a gift from Trog
  1285 | D        | Killed a satyr
  1438 | D        | Found a transporter.
  1450 | D        | Reached skill level 15 in Dodging
  1451 | D        | Received a gift from Trog
  1500 | D        | Entered arena 15.
  1501 | D        | Noticed a daeva
  1502 | D        | Noticed a crystal guardian
  1509 | D        | Received a gift from Trog
  1516 | D        | Killed a crystal guardian
  1525 | D        | Received a gift from Trog
  1526 | D        | Found a transporter.
  1535 | D        | Killed a daeva
  1552 | D        | Got the ring of Divine Compulsion {rF+++ MR- MP+9 Dex-5 Stlth+}
  1569 | D        | Got the amulet "Loum" {+Rage Dex+5 Slay+6}
  1582 | D        | Got the ring of Cuextyto {*Corrode +Fly MR++ Str+8 Slay+3}
  1718 | D        | Entered arena 16.
  1723 | D        | Found a transporter.
  1724 | D        | Received a gift from Trog
  1728 | D        | Received a gift from Trog
  1742 | D        | Received a gift from Trog
  1819 | D        | Entered arena 17.
  1822 | D        | Noticed a deep elf sorcerer
  1822 | D        | Noticed a deep elf sorcerer
  1822 | D        | Noticed a deep elf master archer
  1822 | D        | Noticed a deep elf sorcerer
  1823 | D        | Noticed an orc high priest
  1830 | D        | Noticed a deep elf high priest
  1830 | D        | Noticed a deep elf sorcerer
  1833 | D        | Killed a deep elf sorcerer
  1840 | D        | Killed a deep elf sorcerer
  1840 | D        | Killed an orc high priest
  1844 | D        | Received a gift from Trog
  1845 | D        | Found a transporter.
  1850 | D        | Killed a deep elf sorcerer
  1850 | D        | Received a gift from Trog
  1850 | D        | Reached XP level 13. HP: 53/136 MP: 4/12
  1855 | D        | Killed a deep elf master archer
  1858 | D        | Killed a deep elf sorcerer
  1859 | D        | Received a gift from Trog
  2027 | D        | Got a bone broad axe {god gift}
  2031 | D        | Identified the +2 broad axe of Floods {freeze, rElec rF+ Int+3 Dex-5} (Trog gifted it to you in the Dungeon)
  2070 | D        | Got the +0 chain mail of Lugonu's Hope {rC++ rN+ Int+3 SInv}
  2243 | D        | Entered arena 18.
  2249 | D        | Noticed a white draconian
  2249 | D        | Noticed a white draconian
  2249 | D        | Noticed a purple draconian
  2249 | D        | Noticed a yellow draconian
  2249 | D        | Noticed a white draconian
  2249 | D        | Noticed a green draconian
  2250 | D        | Noticed a black draconian
  2250 | D        | Noticed a tentacled monstrosity
  2250 | D        | Noticed a black draconian
  2257 | D        | Noticed a red draconian
  2263 | D        | Noticed a green draconian
  2263 | D        | Noticed an Orb Guardian
  2263 | D        | Killed a tentacled monstrosity
  2266 | D        | Noticed a purple draconian
  2266 | D        | Noticed a red draconian
  2266 | D        | Killed a black draconian
  2268 | D        | Noticed an Orb Guardian
  2268 | D        | Noticed a purple draconian
  2271 | D        | Killed a red draconian
  2272 | D        | Killed an Orb Guardian
  2272 | D        | Received a gift from Trog
  2272 | D        | Killed a yellow draconian
  2274 | D        | Killed a white draconian
  2274 | D        | Received a gift from Trog
  2275 | D        | Killed a purple draconian
  2277 | D        | Killed an Orb Guardian
  2278 | D        | Noticed a red draconian
  2278 | D        | Killed a white draconian
  2281 | D        | Killed a purple draconian
  2283 | D        | Noticed a purple draconian
  2290 | D        | Killed a black draconian
  2291 | D        | Killed a red draconian
  2292 | D        | Killed a white draconian
  2292 | D        | Received a gift from Trog
  2294 | D        | Killed a green draconian
  2294 | D        | Reached XP level 14. HP: 29/148 MP: 4/13
  2311 | D        | HP: 4/149 [red draconian/+2 long sword of distortion (14)]
  2469 | D        | Got a dazzling broad axe {god gift}
  2486 | D        | Identified the +4 broad axe of Trog's Anger {freeze, rPois MR+} (Trog gifted it to you in the Dungeon)
  2494 | D        | Found a transporter.
  2497 | D        | Received a gift from Trog
  2497 | D        | Received a gift from Trog
  2661 | D        | Entered arena 19.
  2661 | D        | Noticed a vampire knight
  2661 | D        | Noticed a vampire knight
  2667 | D        | Killed a vampire knight
  2668 | D        | Noticed a vampire knight
  2669 | D        | Received a gift from Trog
  2669 | D        | Paralysed by something for 5 turns
  2677 | D        | Killed a vampire knight
  2682 | D        | Killed a vampire knight
  2731 | D        | Received a gift from Trog
  2817 | D        | Noticed a lich
  2817 | D        | Noticed a ghoul
  2817 | D        | Noticed a lich
  2820 | D        | Found a transporter.
  2824 | D        | Killed a ghoul
  2825 | D        | Killed a lich
  2828 | D        | Killed a lich
  2831 | D        | Received a gift from Trog
  2908 | D        | Entered arena 20.
  2940 | D        | Noticed a red very ugly thing
  2941 | D        | Received a gift from Trog
  2949 | D        | Paralysed by a floating eye for 4 turns
  2954 | D        | Received a gift from Trog
  2959 | D        | Killed a purple very ugly thing
  2966 | D        | Killed a ghost moth
  2967 | D        | Received a gift from Trog
  2969 | D        | Found the +8 trident of the Octopus King {venom, rElec rPois MR+}
  2969 | D        | Found a transporter.
  3024 | D        | Got the amulet "Oqelef" {Reflect rC+ Dex+3 SH+5}
  3026 | D        | Got the ring of Ecvuev {rC+ Slay+1}
  3034 | D        | Entered arena 21.
  3043 | D        | Noticed an orc warlord
  3051 | D        | Noticed an orc warlord
  3051 | D        | Noticed an orc warlord
  3054 | D        | Noticed a stone giant
  3056 | D        | Noticed a stone giant
  3071 | D        | Killed an orc warlord
  3071 | D        | Received a gift from Trog
  3073 | D        | Killed a stone giant
  3075 | D        | Mangled by an orc warlord

Skill      XL: |  1  2  3  4  5  6  7  8  9 10 11 12 13 14 |
---------------+-------------------------------------------+-----
Fighting       | 7 9 10 11 12 13 15 16 18 20 21 | 21.9
Axes           | 7 9 10 11 12 13 15 16 18 20 21 | 21.9
Armour         | 6 8 9 10 12 13 15 17 19 21 | 21.3
Dodging        | 5 7 8 9 11 12 14 16 18 19 | 19.8
Shields        | 5 7 8 10 11 13 15 17 19 21 | 21.1

Action                   |  1- 3 |  4- 6 |  7- 9 | 10-12 | 13-15 || total
-------------------------+-------+-------+-------+-------+-------++-------
Melee: Broad axe         |     2 |     2 |    39 |   168 |   108 ||   319
       Headbutt          |       |     1 |     9 |    29 |    40 ||    79
Invok: Berserk           |     1 |       |     1 |     6 |     3 ||    11
       Burn Spellbooks   |       |       |     1 |     8 |     3 ||    12
       Brothers in Arms  |       |       |       |     6 |    11 ||    17
 Abil: Stop Flying       |       |       |       |       |     1 ||     1
Evoke: Wand              |       |       |       |     4 |       ||     4
       Fan of gales      |       |       |       |       |     1 ||     1
       Phial of floods   |       |       |       |       |     1 ||     1
  Use: Potion            |     1 |       |       |     1 |     6 ||     8
       Scroll            |       |       |       |     5 |     3 ||     8
 Stab: Distracted        |       |       |       |     1 |     2 ||     3
  Eat: Chunk             |       |       |     1 |     6 |       ||     7
       Ration            |       |       |       |     2 |     3 ||     5
Armor: Plate armour      |       |       |     8 |    80 |    79 ||   167
Dodge: Dodged            |       |       |     3 |    73 |    84 ||   160
Block: Shield            |     1 |     2 |    59 |   161 |       ||   223
